Influenza vs Phantoms
(R2)
Created - April 8, 2021 at 19:24
Goals
|
| Influenza |
0 |
3 |
0 |
3 |
| Phantoms |
1 |
2 |
2 |
5 |
|
Shots
|
| Influenza |
8 |
10 |
10 |
28 |
| Phantoms |
8 |
13 |
9 |
30 |
|
1st period
1. Phantoms , Cristoval Nieves 11 (Travis Konecny 28, Mark Alt 6) at 12:10
Penalties :
Aleksi Saarela (VJB) for Slashing (Minor) at 9:25, Tom Kuhnhackl (VJB) for Tripping (Minor) at 15:33, Ivan Provorov (Leh) for Tripping (Minor) at 18:32
2nd period
2. Phantoms , Cristoval Nieves 12 (Travis Konecny 29, Mark Alt 7) at 1:51
3. Influenza , Neal Pionk 4 (Bo Horvat 56) at 3:46 (PP)
4. Influenza , Colton Sissons 22 (Ryan Dzingel 17, Tom Kuhnhackl 16) at 5:06
5. Phantoms , Michael Bournival 39 (Tyler Randell 37, Tyler Brenner 51) at 5:56 (PP)
6. Influenza , Bo Horvat 34 (Tim Schaller 38) at 6:14
Penalties :
Jake Dotchin (Leh) for Slashing (Minor) at 3:44, Pavel Zacha (VJB) for Goalie Interference (Minor) at 5:50, Tim Erixon (VJB) for Delaying the game (Minor) at 6:33, Michael Bournival (Leh) for Hooking (Minor) at 10:18, Colton Sissons (VJB) for Interference (Minor) at 13:07, Mark Alt (Leh) for Hooking (Minor) at 15:37
3rd period
7. Phantoms , Nick Shore 13 (Sven Andrighetto 13, Erik Nystrom 13) at 9:39
8. Phantoms , Victor Bartley 2 (Tyler Brenner 52) at 19:23
Penalties :
Tim Erixon (VJB) for Hooking (Minor) at 0:13, Blake Heinrich (Leh) for Tripping (Minor) at 2:57, Morgan Klimchuk (Leh) for High sticking (Minor) at 10:10, Brandon McMillan (Leh) for Hooking (Minor) at 16:48
Goalie Stats
Al Montoya (VJB), 25 saves from 30 shots - (0.833), L, 20-11-1, 60:00 minutes
Anton Forsberg (Leh), 25 saves from 28 shots - (0.893), W, 16-12-1, 60:00 minutes
Players Stats for Influenza
Player Name G A P +/- PIM S H SB GA TA FO MP PP MP PK MP
------------------------------------------------------------------------------------
Aleksi Saarela 0 0 0 -2 2 0 0 0 1 0 2/3 8:25 0:00 0:00
Bo Horvat 1 1 2 1 0 3 0 1 0 0 26/39 23:25 7:05 5:13
Brett Pesce 0 0 0 -3 0 0 1 0 0 2 0/0 11:48 0:55 0:18
Christian Fischer 0 0 0 -2 0 2 1 0 0 0 0/0 8:36 0:02 0:00
Colton Sissons 1 0 1 0 2 3 2 0 0 0 5/9 13:18 4:47 0:06
Dmitry Sinitsyn 0 0 0 -3 0 0 0 3 0 0 0/0 13:24 0:00 2:41
Haydn Fleury 0 0 0 0 0 1 0 1 0 1 0/0 18:27 4:27 3:30
JT Compher 0 0 0 0 0 5 4 0 2 1 0/0 17:43 4:49 3:29
Justin Bailey 0 0 0 0 0 1 1 0 0 0 0/1 14:08 4:49 0:00
Linden Vey 0 0 0 1 0 1 2 1 1 0 1/4 21:40 7:05 3:29
Lucas Lessio 0 0 0 -3 0 1 1 0 2 0 1/1 9:09 0:02 0:00
Neal Pionk 1 0 1 1 0 1 1 4 0 1 0/0 24:57 7:29 3:39
Pavel Zacha 0 0 0 0 2 1 0 0 0 0 3/5 9:08 0:00 0:00
Ryan Dzingel 0 1 1 -1 0 0 0 2 0 0 0/0 10:40 0:04 1:19
Shane Sims 0 0 0 0 0 0 2 1 0 0 0/0 23:30 4:00 5:54
Tim Erixon 0 0 0 1 4 1 0 0 1 2 0/0 28:00 7:01 4:00
Tim Schaller 0 1 1 1 0 7 0 1 2 0 0/1 23:25 7:05 5:13
Tom Kuhnhackl 0 1 1 -1 2 1 1 1 0 1 0/1 10:10 0:00 1:13
Players Stats for Phantoms
Player Name G A P +/- PIM S H SB GA TA FO MP PP MP PK MP
------------------------------------------------------------------------------------
Blake Heinrich 0 0 0 1 2 0 0 0 0 0 0/0 4:09 0:00 0:00
Brandon McMillan 0 0 0 0 2 3 2 0 0 0 1/1 12:38 4:21 0:00
Brendan Leipsic 0 0 0 0 0 0 0 0 0 0 0/0 1:31 0:00 1:30
Brenden Kichton 0 0 0 1 0 0 0 0 0 0 0/0 4:09 0:00 0:00
Calle Jarnkrok 0 0 0 0 0 1 1 0 0 0 4/7 12:33 4:21 0:00
Cristoval Nieves 2 0 2 2 0 3 0 0 0 0 0/2 7:39 0:00 0:40
David Kampf 0 0 0 1 0 0 0 0 0 0 0/0 0:30 0:00 0:00
Devon Teows 0 0 0 0 0 0 0 0 0 0 0/0 0:00 0:00 0:00
Dylan Olsen 0 0 0 0 0 1 1 3 1 1 0/0 28:21 5:24 7:49
Erik Nystrom 0 1 1 0 0 3 0 1 0 0 1/1 11:33 0:00 0:28
Ivan Provorov 0 0 0 2 2 0 1 0 0 0 0/0 7:19 0:00 0:00
Jake Dotchin 0 0 0 -1 2 0 1 1 1 1 0/0 20:14 4:37 4:07
Lucas Wallmarkk 0 0 0 1 0 0 0 0 0 0 0/0 0:30 0:00 0:00
Mark Alt 0 2 2 2 2 1 2 0 0 2 0/0 7:33 0:00 0:00
Michael Bournival 1 0 1 -1 2 3 2 0 1 2 0/6 22:54 5:40 6:22
Morgan Klimchuk 0 0 0 2 2 0 1 0 0 0 0/0 8:08 0:00 1:11
Nick Shore 1 0 1 0 0 3 1 0 0 0 2/4 11:05 0:00 0:00
Reid McNeill 0 0 0 -1 0 4 0 0 0 2 0/0 20:15 4:37 4:07
Rinat Valiev 0 0 0 0 0 0 0 0 0 0 0/0 0:00 0:00 0:00
Sven Andrighetto 0 1 1 0 0 1 0 0 1 0 0/0 11:05 0:00 0:00
Tomas Kubalik 0 0 0 0 0 0 0 0 1 0 0/0 16:09 4:21 3:11
Travis Konecny 0 2 2 2 0 1 1 1 0 0 0/0 6:58 0:00 0:00
Tyler Brenner 0 2 2 0 0 0 2 1 1 0 9/26 20:32 5:40 3:11
Tyler Randell 0 1 1 -1 0 4 4 1 1 0 9/17 23:51 5:40 7:19
Victor Bartley 1 0 1 0 0 2 2 2 1 1 0/0 28:21 5:24 7:49
3 Stars
1 - Cristoval Nieves (Leh)
2 - Travis Konecny (Leh)
3 - Bo Horvat (VJB)
Power Play
Influenza - 1 on 7 Attempt(s) - 14.29%
Phantoms - 1 on 6 Attempt(s) - 16.67%
Penalty Kill
Influenza - 5 on 6 Attempt(s) - 83.33%
- Score 0 goal in Penalty Kill
Phantoms - 6 on 7 Attempt(s) - 85.71%
- Score 0 goal in Penalty Kill
Team Stat
Influenza - Hits : 16 - Faceoff Wins : 38 - Blocked Shots : 15 - Penalty Minutes : 12
Phantoms - Hits : 21 - Faceoff Wins : 26 - Blocked Shots : 10 - Penalty Minutes : 14
Official
Referees : Unknown
Linesman : Unknown
Game Notes
5:56 of 2nd period - Phantoms goal is going for a video replay. After video review, Goal.
Finance
Level 1 -- Attendance: 1992 (99.60%) -- Ticket Income $67,728
Level 2 -- Attendance: 738 (73.80%) -- Ticket Income $14,022
Total Attendance: 2730 (91.00%)
Total Ticket Income: $81,750
Other Income: $4,088
Total Income: $85,838
Influenza
5 vs 5 Forward
Center Left Wing Right Wing Time % Phy DF OF
1 Bo Horvat Tim Schaller Linden Vey 40 1 2 2
2 Pavel Zacha JT Compher Justin Bailey 30 1 2 2
3 Colton Sissons Ryan Dzingel Tom Kuhnhackl 20 1 2 2
4 Aleksi Saarela Lucas Lessio Christian Fischer 10 1 2 2
5 vs 5 Defense
Defense Defense Time % Phy DF OF
1 Tim Erixon Neal Pionk 40 1 2 2
2 Haydn Fleury Shane Sims 30 1 2 2
3 Brett Pesce Dmitry Sinitsyn 20 1 2 2
4 Tim Erixon Shane Sims 10 1 2 2
PowerPlay Forward
Center Left Wing Right Wing Time % Phy DF OF
1 Bo Horvat Tim Schaller Linden Vey 60 1 2 2
2 Colton Sissons JT Compher Justin Bailey 40 1 2 2
PowerPlay Defense
Defense Defense Time % Phy DF OF
1 Tim Erixon Neal Pionk 60 1 2 2
2 Haydn Fleury Shane Sims 40 1 2 2
Penalty Kill 4 Players Forward
Center Wing Time % Phy DF OF
1 Bo Horvat Tim Schaller 60 1 2 2
2 Linden Vey JT Compher 40 1 2 2
Penalty Kill 4 Players Defense
Defense Defense Time % Phy DF OF
1 Tim Erixon Shane Sims 60 1 2 2
2 Haydn Fleury Neal Pionk 40 1 2 2
Penalty Kill - 3 Players Forward
Forward Time % Phy DF OF
1 Bo Horvat 60 1 2 2
2 Tim Schaller 40 1 2 2
Penalty Kill - 3 Players Defense
Defense Defense Time % Phy DF OF
1 Tim Erixon Shane Sims 60 1 2 2
2 Haydn Fleury Neal Pionk 40 1 2 2
4 vs 4 Forward
Center Wing Time % Phy DF OF
1 Bo Horvat Tim Schaller 60 1 2 2
2 Linden Vey JT Compher 40 1 2 2
4 vs 4 Defense
Defense Defense Time % Phy DF OF
1 Tim Erixon Shane Sims 60 1 2 2
2 Haydn Fleury Neal Pionk 40 1 2 2
Last Minutes Offensive
Center Left Wing Right Wing Defense Defense
Bo Horvat Tim Schaller Linden Vey Tim Erixon Neal Pionk
Last Minutes Defensive
Center Left Wing Right Wing Defense Defense
Bo Horvat Tim Schaller Linden Vey Tim Erixon Haydn Fleury
Goaltenders
Starting : Al Montoya
Backup : Malcolm Subban
Extra Forwards
Normal : Ryan Dzingel, Lucas Lessio, Tom Kuhnhackl - PP : Ryan Dzingel, Lucas Lessio - PK : Tom Kuhnhackl
Extra Defensemen
Normal : Brett Pesce, Dmitry Sinitsyn, Haydn Fleury - PP : Brett Pesce - PK : Dmitry Sinitsyn, Haydn Fleury
Penalty Shots
Bo Horvat, Tim Schaller, Linden Vey, JT Compher, Ryan Dzingel
Scratches
Shane Prince (Healthy), Jeff Corbett (Healthy), Dennis Gilbert (Healthy), Henri Ikonen (Healthy), Johan Larsson (Healthy)
Jakob Forsbacka-Karlsson (Healthy), Zack MacEwen (Healthy), Radovan Bondra (Healthy), Simon Bourque (Healthy), Mitchell Moroz (Healthy)
Conner Bleackley (Healthy), Brycen Martin (Healthy), Jaden Lindo (Healthy), Charlie Lindgren (Healthy), Jamie Phillips (Healthy)
Phantoms
5 vs 5 Forward
Center Left Wing Right Wing Time % Phy DF OF
1 Tyler Brenner Michael Bournival Tyler Randell 40 1 2 2
2 Calle Jarnkrok Brandon McMillan Tomas Kubalik 30 1 2 2
3 Nick Shore Erik Nystrom Sven Andrighetto 20 1 2 2
4 Cristoval Nieves Morgan Klimchuk Travis Konecny 10 1 2 2
5 vs 5 Defense
Defense Defense Time % Phy DF OF
1 Dylan Olsen Victor Bartley 40 1 2 2
2 Reid McNeill Jake Dotchin 30 1 2 2
3 Mark Alt Ivan Provorov 20 1 2 2
4 Brenden Kichton Blake Heinrich 10 1 2 2
PowerPlay Forward
Center Left Wing Right Wing Time % Phy DF OF
1 Tyler Brenner Michael Bournival Tyler Randell 60 1 2 2
2 Calle Jarnkrok Brandon McMillan Tomas Kubalik 40 1 2 2
PowerPlay Defense
Defense Defense Time % Phy DF OF
1 Dylan Olsen Victor Bartley 60 1 2 2
2 Reid McNeill Jake Dotchin 40 1 2 2
Penalty Kill 4 Players Forward
Center Wing Time % Phy DF OF
1 Tyler Randell Michael Bournival 60 1 2 2
2 Tyler Brenner Tomas Kubalik 40 1 2 2
Penalty Kill 4 Players Defense
Defense Defense Time % Phy DF OF
1 Dylan Olsen Victor Bartley 60 1 2 2
2 Reid McNeill Jake Dotchin 40 1 2 2
Penalty Kill - 3 Players Forward
Forward Time % Phy DF OF
1 Tyler Randell 60 1 2 2
2 Michael Bournival 40 1 2 2
Penalty Kill - 3 Players Defense
Defense Defense Time % Phy DF OF
1 Dylan Olsen Victor Bartley 60 1 2 2
2 Reid McNeill Jake Dotchin 40 1 2 2
4 vs 4 Forward
Center Wing Time % Phy DF OF
1 Tyler Randell Michael Bournival 60 1 2 2
2 Tyler Brenner Tomas Kubalik 40 1 2 2
4 vs 4 Defense
Defense Defense Time % Phy DF OF
1 Dylan Olsen Victor Bartley 60 1 2 2
2 Reid McNeill Jake Dotchin 40 1 2 2
Last Minutes Offensive
Center Left Wing Right Wing Defense Defense
Tyler Brenner Michael Bournival Tyler Randell Dylan Olsen Victor Bartley
Last Minutes Defensive
Center Left Wing Right Wing Defense Defense
Tyler Brenner Michael Bournival Tyler Randell Dylan Olsen Victor Bartley
Goaltenders
Starting : Anton Forsberg
Backup : Zachary Fucale
Extra Forwards
Normal : Lucas Wallmarkk, David Kampf, Brendan Leipsic - PP : Lucas Wallmarkk, David Kampf - PK : Brendan Leipsic
Extra Defensemen
Normal : Devon Teows, Rinat Valiev, Mark Alt - PP : Devon Teows - PK : Rinat Valiev, Mark Alt
Penalty Shots
Tyler Randell, Michael Bournival, Tyler Brenner, Tomas Kubalik, Calle Jarnkrok
Scratches
A.J. Greer (Healthy), JC Lipon (Healthy), Cooper Marody (Healthy), Nick Sorensen (Healthy), Laurent Dauphin (Healthy)
Justin Kirkland (Healthy), Anthony Angello (Healthy), Jason Kasdorf (Healthy), Scott Wedgewood (Healthy)
% Time on Ice - Influenza
Lines # - Real PCT - Wanted PCT - Time Play
Normal Forward
1 - 31% - 40% - 11:38
2 - 25% - 30% - 9:25
3 - 22% - 20% - 8:11
4 - 22% - 10% - 8:16
Normal Defense
1 - 38% - 40% - 14:09
2 - 28% - 30% - 10:30
3 - 26% - 20% - 9:55
4 - 8% - 10% - 2:56
PP Forward
1 - 60% - 60% - 7:07
2 - 40% - 40% - 4:49
PP Defense
1 - 63% - 60% - 7:29
2 - 37% - 40% - 4:27
PK Forward
1 - 65% - 60% - 6:32
2 - 35% - 40% - 3:29
PK Defense
1 - 65% - 60% - 6:31
2 - 35% - 40% - 3:30
PK3 Forward
1 - 0% - 60%
2 - 0% - 40%
PK3 Defense
1 - 0% - 60%
2 - 0% - 40%
44 Forward
1 - 0% - 60%
2 - 0% - 40%
44 Defense
1 - 0% - 60%
2 - 0% - 40%
Last Minute Offensive - 0:33
Last Minute Defensive - 0:00
Total
Forward - 60:00
Defense - 60:00
|
% Time on Ice - Phantoms
Lines # - Real PCT - Wanted PCT - Time Play
Normal Forward
1 - 29% - 40% - 10:53
2 - 23% - 30% - 8:37
3 - 30% - 20% - 11:05
4 - 19% - 10% - 6:58
Normal Defense
1 - 39% - 40% - 14:38
2 - 31% - 30% - 11:31
3 - 19% - 20% - 7:15
4 - 11% - 10% - 4:09
PP Forward
1 - 57% - 60% - 5:40
2 - 43% - 40% - 4:21
PP Defense
1 - 54% - 60% - 5:24
2 - 46% - 40% - 4:37
PK Forward
1 - 73% - 60% - 8:45
2 - 27% - 40% - 3:11
PK Defense
1 - 66% - 60% - 7:49
2 - 34% - 40% - 4:07
PK3 Forward
1 - 0% - 60%
2 - 0% - 40%
PK3 Defense
1 - 0% - 60%
2 - 0% - 40%
44 Forward
1 - 0% - 60%
2 - 0% - 40%
44 Defense
1 - 0% - 60%
2 - 0% - 40%
Last Minute Offensive - 0:00
Last Minute Defensive - 0:30
Total
Forward - 60:00
Defense - 60:00
|
Play-by-Play
1st period
0:01 of 1st period - Tyler Brenner wins face-off versus Bo Horvat in neutral zone.
0:06 of 1st period - Slapshot by Michael Bournival.
0:06 of 1st period - Shot Misses the Net.
0:09 of 1st period - Icing by Neal Pionk.
0:10 of 1st period - Bo Horvat wins face-off versus Tyler Brenner in Influenza zone.
1:54 of 1st period - Wrist shot by Linden Vey.
1:54 of 1st period - Deflect By Bo Horvat.
1:54 of 1st period - Stopped by Anton Forsberg with a rebound.
1:56 of 1st period - Slapshot by Neal Pionk.
1:56 of 1st period - Shot Misses the Net.
1:58 of 1st period - Wrist shot by Linden Vey.
1:58 of 1st period - Shot Misses the Net.
2:14 of 1st period - Neal Pionk is hit by Victor Bartley and loses puck.
2:29 of 1st period - Wrist shot by Bo Horvat.
2:29 of 1st period - Deflect By Tim Schaller.
2:29 of 1st period - Shot Blocked by Dylan Olsen.
2:29 of 1st period - Puck is out of play.
2:30 of 1st period - Brandon McMillan wins face-off versus Pavel Zacha in Phantoms zone.
3:51 of 1st period - Snap shot by Nick Shore.
3:51 of 1st period - Stopped by Al Montoya with a rebound.
4:50 of 1st period - Brett Pesce is hit by Calle Jarnkrok and loses puck.
5:53 of 1st period - Brenden Kichton is hit by Lucas Lessio and loses puck.
6:23 of 1st period - Icing by Sven Andrighetto.
6:24 of 1st period - Pavel Zacha wins face-off versus Cristoval Nieves in Phantoms zone.
6:33 of 1st period - JT Compher is hit by Ivan Provorov and loses puck.
6:58 of 1st period - Snap shot by Christian Fischer.
6:58 of 1st period - Shot Blocked by Jake Dotchin.
7:00 of 1st period - Snap shot by Christian Fischer.
7:00 of 1st period - Stopped by Anton Forsberg with a rebound.
7:02 of 1st period - Slapshot by Lucas Lessio.
7:02 of 1st period - Deflect By Aleksi Saarela.
7:02 of 1st period - Shot Blocked by Erik Nystrom.
7:02 of 1st period - Puck is out of play.
7:03 of 1st period - Lucas Lessio wins face-off versus Tyler Brenner in Phantoms zone.
7:18 of 1st period - Shane Sims is hit by Tyler Randell and loses puck.
7:29 of 1st period - Brandon McMillan is hit by JT Compher and loses puck.
7:52 of 1st period - Snap shot by Sven Andrighetto.
7:52 of 1st period - Shot Blocked by Dmitry Sinitsyn.
7:54 of 1st period - Wrist shot by Erik Nystrom.
7:54 of 1st period - Stopped by Al Montoya without a rebound.
7:55 of 1st period - Bo Horvat wins face-off versus Nick Shore in Influenza zone.
8:11 of 1st period - Wrist shot by Erik Nystrom.
8:11 of 1st period - Stopped by Al Montoya without a rebound.
8:12 of 1st period - Pavel Zacha wins face-off versus Calle Jarnkrok in Influenza zone.
9:23 of 1st period - Slapshot by Travis Konecny.
9:23 of 1st period - Shot Misses the Net.
9:25 of 1st period - Minor Penalty to Aleksi Saarela for Slashing.
9:26 of 1st period - Bo Horvat wins face-off versus Tyler Brenner in Influenza zone.
9:26 of 1st period - Bo Horvat is hit by Tyler Randell.
11:13 of 1st period - Dmitry Sinitsyn is hit by Tyler Brenner and loses puck.
11:25 of 1st period - Penalty to Aleksi Saarela is over, Aleksi Saarela is back on ice.
12:10 of 1st period - Slapshot by Cristoval Nieves.
12:10 of 1st period - Goal by Cristoval Nieves - Influenza : 0 - Phantoms : 1.
12:11 of 1st period - Bo Horvat wins face-off versus Tyler Brenner in neutral zone.
12:21 of 1st period - Off-side.
12:22 of 1st period - Bo Horvat wins face-off versus Tyler Brenner in neutral zone.
12:37 of 1st period - Wrist shot by Tim Schaller.
12:37 of 1st period - Shot Blocked by Dylan Olsen.
13:32 of 1st period - Icing by Haydn Fleury.
13:33 of 1st period - Aleksi Saarela wins face-off versus Cristoval Nieves in Influenza zone.
13:33 of 1st period - Aleksi Saarela is hit by Victor Bartley.
13:50 of 1st period - Snap shot by Lucas Lessio.
13:50 of 1st period - Shot Blocked by Victor Bartley.
14:00 of 1st period - Snap shot by Cristoval Nieves.
14:00 of 1st period - Stopped by Al Montoya with a rebound.
14:02 of 1st period - Backhand shot by Travis Konecny.
14:02 of 1st period - Shot Misses the Net.
14:04 of 1st period - Slapshot by Mark Alt.
14:04 of 1st period - Deflect By Aleksi Saarela.
14:04 of 1st period - Stopped by Al Montoya with a rebound.
14:10 of 1st period - Snap shot by Christian Fischer.
14:10 of 1st period - Stopped by Anton Forsberg without a rebound.
14:11 of 1st period - Bo Horvat wins face-off versus Michael Bournival in Phantoms zone.
14:22 of 1st period - Slapshot by Tim Schaller.
14:22 of 1st period - Stopped by Anton Forsberg without a rebound.
14:23 of 1st period - Bo Horvat wins face-off versus Tyler Brenner in Phantoms zone.
14:36 of 1st period - Slapshot by Linden Vey.
14:36 of 1st period - Shot Misses the Net.
14:38 of 1st period - Backhand shot by Tim Erixon.
14:38 of 1st period - Deflect By Tim Schaller.
14:38 of 1st period - Shot Blocked by Victor Bartley.
14:38 of 1st period - Puck is out of play.
14:39 of 1st period - Pavel Zacha wins face-off versus Calle Jarnkrok in Phantoms zone.
14:42 of 1st period - Wrist shot by JT Compher.
14:42 of 1st period - Stopped by Anton Forsberg with a rebound.
15:33 of 1st period - Minor Penalty to Tom Kuhnhackl for Tripping.
15:34 of 1st period - Bo Horvat wins face-off versus Tyler Brenner in Influenza zone.
15:34 of 1st period - Bo Horvat is hit by Tyler Brenner.
16:11 of 1st period - Off-side.
16:12 of 1st period - Tyler Brenner wins face-off versus Linden Vey in neutral zone.
16:17 of 1st period - Wrist shot by Tyler Randell.
16:17 of 1st period - Deflect By Tim Erixon.
16:17 of 1st period - Shot Misses the Net.
16:17 of 1st period - Puck is out of play.
16:18 of 1st period - Bo Horvat wins face-off versus Tyler Brenner in Influenza zone.
17:33 of 1st period - Penalty to Tom Kuhnhackl is over, Tom Kuhnhackl is back on ice.
18:10 of 1st period - Snap shot by Travis Konecny.
18:10 of 1st period - Stopped by Al Montoya without a rebound.
18:11 of 1st period - Colton Sissons wins face-off versus Calle Jarnkrok in Influenza zone.
18:11 of 1st period - Colton Sissons is hit by Mark Alt.
18:20 of 1st period - Tim Erixon is hit by Mark Alt.
18:32 of 1st period - Minor Penalty to Ivan Provorov for Tripping.
18:33 of 1st period - Bo Horvat wins face-off versus Tyler Randell in Phantoms zone.
18:38 of 1st period - Wrist shot by Tim Schaller.
18:38 of 1st period - Shot Blocked by Dylan Olsen.
18:40 of 1st period - Wrist shot by Tim Erixon.
18:40 of 1st period - Shot Misses the Net.
18:42 of 1st period - Wrist shot by Neal Pionk.
18:42 of 1st period - Deflect By Tim Schaller.
18:42 of 1st period - Stopped by Anton Forsberg without a rebound.
18:43 of 1st period - Tyler Randell wins face-off versus Bo Horvat in Phantoms zone.
18:52 of 1st period - Snap shot by Tim Schaller.
18:52 of 1st period - Stopped by Anton Forsberg with a rebound.
19:09 of 1st period - Off-side.
19:10 of 1st period - Colton Sissons wins face-off versus Tyler Randell in neutral zone.
19:13 of 1st period - Wrist shot by JT Compher.
19:13 of 1st period - Stopped by Anton Forsberg with a rebound.
19:43 of 1st period - Wrist shot by Tomas Kubalik.
19:43 of 1st period - Deflect By Haydn Fleury.
19:43 of 1st period - Shot Misses the Net.
19:43 of 1st period - Puck is out of play.
19:44 of 1st period - Colton Sissons wins face-off versus Tyler Randell in Influenza zone.
19:51 of 1st period - Snap shot by Tyler Randell.
19:51 of 1st period - Stopped by Al Montoya with a rebound.
19:57 of 1st period - Michael Bournival is hit by Justin Bailey and loses puck.
Goals for this period are 0 for Influenza vs 1 for Phantoms.
Shots for this period are 8 for Influenza vs 8 for Phantoms.
2nd period
0:01 of 2nd period - Tyler Randell wins face-off versus Bo Horvat in neutral zone.
0:06 of 2nd period - Snap shot by Tyler Randell.
0:06 of 2nd period - Stopped by Al Montoya without a rebound.
0:07 of 2nd period - Tyler Randell wins face-off versus Bo Horvat in Influenza zone.
0:32 of 2nd period - Penalty to Ivan Provorov is over, Ivan Provorov is back on ice.
0:36 of 2nd period - Snap shot by Colton Sissons.
0:36 of 2nd period - Deflect By JT Compher.
0:36 of 2nd period - Shot Misses the Net.
0:36 of 2nd period - Puck is out of play.
0:37 of 2nd period - Calle Jarnkrok wins face-off versus Justin Bailey in Phantoms zone.
1:04 of 2nd period - Jake Dotchin is hit by Shane Sims and loses puck.
1:49 of 2nd period - Snap shot by Cristoval Nieves.
1:49 of 2nd period - Shot Misses the Net.
1:51 of 2nd period - Wrist shot by Cristoval Nieves.
1:51 of 2nd period - Goal by Cristoval Nieves - Influenza : 0 - Phantoms : 2.
1:52 of 2nd period - Tyler Brenner wins face-off versus Bo Horvat in neutral zone.
1:55 of 2nd period - Snap shot by Michael Bournival.
1:55 of 2nd period - Stopped by Al Montoya with a rebound.
2:03 of 2nd period - Slapshot by Michael Bournival.
2:03 of 2nd period - Stopped by Al Montoya with a rebound.
2:37 of 2nd period - Ryan Dzingel is hit by Nick Shore and loses puck.
2:46 of 2nd period - Slapshot by Nick Shore.
2:46 of 2nd period - Deflect By Erik Nystrom.
2:46 of 2nd period - Stopped by Al Montoya with a rebound.
2:48 of 2nd period - Snap shot by Nick Shore.
2:48 of 2nd period - Shot Misses the Net.
2:58 of 2nd period - Morgan Klimchuk is hit by Brett Pesce and loses puck.
3:20 of 2nd period - Wrist shot by Lucas Lessio.
3:20 of 2nd period - Shot Misses the Net.
3:42 of 2nd period - Snap shot by Pavel Zacha.
3:42 of 2nd period - Stopped by Anton Forsberg with a rebound.
3:44 of 2nd period - Minor Penalty to Jake Dotchin for Slashing.
3:45 of 2nd period - Bo Horvat wins face-off versus Tyler Randell in Phantoms zone.
3:46 of 2nd period - Slapshot by Neal Pionk.
3:46 of 2nd period - Goal by Neal Pionk - Influenza : 1 - Phantoms : 2.
3:47 of 2nd period - Bo Horvat wins face-off versus Michael Bournival in neutral zone.
3:54 of 2nd period - Backhand shot by Bo Horvat.
3:54 of 2nd period - Shot Misses the Net.
3:56 of 2nd period - Wrist shot by Bo Horvat.
3:56 of 2nd period - Stopped by Anton Forsberg without a rebound.
3:57 of 2nd period - Tyler Brenner wins face-off versus Bo Horvat in Phantoms zone.
4:17 of 2nd period - Wrist shot by Tim Schaller.
4:17 of 2nd period - Shot Misses the Net.
4:27 of 2nd period - Snap shot by Linden Vey.
4:27 of 2nd period - Deflect By Bo Horvat.
4:27 of 2nd period - Shot Misses the Net.
4:27 of 2nd period - Puck is out of play.
4:28 of 2nd period - Calle Jarnkrok wins face-off versus Pavel Zacha in Phantoms zone.
4:28 of 2nd period - Calle Jarnkrok is hit by JT Compher.
4:38 of 2nd period - Wrist shot by Brandon McMillan.
4:38 of 2nd period - Stopped by Al Montoya with a rebound.
4:40 of 2nd period - Snap shot by Reid McNeill.
4:40 of 2nd period - Stopped by Al Montoya with a rebound.
5:06 of 2nd period - Slapshot by Colton Sissons.
5:06 of 2nd period - Goal by Colton Sissons - Influenza : 2 - Phantoms : 2.
5:07 of 2nd period - Bo Horvat wins face-off versus Tyler Brenner in neutral zone.
5:18 of 2nd period - Snap shot by Tyler Randell.
5:18 of 2nd period - Stopped by Al Montoya with a rebound.
5:32 of 2nd period - JT Compher is hit by Brandon McMillan.
5:50 of 2nd period - Minor Penalty to Pavel Zacha for Goalie Interference.
5:51 of 2nd period - Tyler Brenner wins face-off versus Bo Horvat in Influenza zone.
5:54 of 2nd period - Wrist shot by Michael Bournival.
5:54 of 2nd period - Shot Blocked by Tim Schaller.
5:56 of 2nd period - Snap shot by Michael Bournival.
5:56 of 2nd period - Phantoms goal is going for a video replay.
5:56 of 2nd period - The goal is good.
5:56 of 2nd period - Goal by Michael Bournival - Influenza : 2 - Phantoms : 3.
5:57 of 2nd period - Tyler Brenner wins face-off versus Bo Horvat in neutral zone.
6:08 of 2nd period - Snap shot by Tim Schaller.
6:08 of 2nd period - Stopped by Anton Forsberg without a rebound.
6:09 of 2nd period - Bo Horvat wins face-off versus Tyler Brenner in Phantoms zone.
6:12 of 2nd period - Wrist shot by Tim Schaller.
6:12 of 2nd period - Stopped by Anton Forsberg with a rebound.
6:14 of 2nd period - Snap shot by Bo Horvat.
6:14 of 2nd period - Goal by Bo Horvat - Influenza : 3 - Phantoms : 3.
6:15 of 2nd period - Bo Horvat wins face-off versus Michael Bournival in neutral zone.
6:33 of 2nd period - Minor Penalty to Tim Erixon for Delaying the game.
6:34 of 2nd period - Bo Horvat wins face-off versus Michael Bournival in Influenza zone.
6:46 of 2nd period - Snap shot by Dylan Olsen.
6:46 of 2nd period - Shot Blocked by Bo Horvat.
7:03 of 2nd period - Off-side.
7:04 of 2nd period - Calle Jarnkrok wins face-off versus Linden Vey in neutral zone.
7:36 of 2nd period - Dmitry Sinitsyn is hit by Tyler Randell and loses puck.
8:33 of 2nd period - Penalty to Tim Erixon is over, Tim Erixon is back on ice.
9:24 of 2nd period - Backhand shot by Shane Sims.
9:24 of 2nd period - Deflect By Lucas Lessio.
9:24 of 2nd period - Stopped by Anton Forsberg with a rebound.
10:18 of 2nd period - Minor Penalty to Michael Bournival for Hooking.
10:19 of 2nd period - Tyler Randell wins face-off versus Bo Horvat in Phantoms zone.
10:28 of 2nd period - Snap shot by Tyler Randell.
10:28 of 2nd period - Shot Blocked by Neal Pionk.
11:10 of 2nd period - Justin Bailey is hit by Morgan Klimchuk and loses puck.
11:21 of 2nd period - Morgan Klimchuk is hit by JT Compher and loses puck.
12:18 of 2nd period - Penalty to Michael Bournival is over, Michael Bournival is back on ice.
12:24 of 2nd period - Slapshot by Dylan Olsen.
12:24 of 2nd period - Stopped by Al Montoya without a rebound.
12:25 of 2nd period - Aleksi Saarela wins face-off versus Nick Shore in Influenza zone.
12:38 of 2nd period - Wrist shot by Nick Shore.
12:38 of 2nd period - Stopped by Al Montoya with a rebound.
13:01 of 2nd period - Wrist shot by Tomas Kubalik.
13:01 of 2nd period - Shot Blocked by Ryan Dzingel.
13:07 of 2nd period - Minor Penalty to Colton Sissons for Interference.
13:08 of 2nd period - Bo Horvat wins face-off versus Tyler Brenner in Influenza zone.
13:46 of 2nd period - Slapshot by Reid McNeill.
13:46 of 2nd period - Stopped by Al Montoya without a rebound.
13:47 of 2nd period - Tyler Brenner wins face-off versus Bo Horvat in Influenza zone.
14:17 of 2nd period - Slapshot by Reid McNeill.
14:17 of 2nd period - Deflect By Tomas Kubalik.
14:17 of 2nd period - Deflect By Neal Pionk.
14:17 of 2nd period - Shot Blocked by Haydn Fleury.
14:17 of 2nd period - Puck is out of play.
14:18 of 2nd period - Linden Vey wins face-off versus Tyler Brenner in Influenza zone.
15:07 of 2nd period - Penalty to Colton Sissons is over, Colton Sissons is back on ice.
15:18 of 2nd period - Off-side.
15:19 of 2nd period - Nick Shore wins face-off versus Aleksi Saarela in neutral zone.
15:37 of 2nd period - Minor Penalty to Mark Alt for Hooking.
15:38 of 2nd period - Bo Horvat wins face-off versus Tyler Randell in Phantoms zone.
15:52 of 2nd period - Snap shot by Tim Schaller.
15:52 of 2nd period - Stopped by Anton Forsberg with a rebound.
16:22 of 2nd period - Colton Sissons is hit by Michael Bournival and loses puck.
16:41 of 2nd period - Tyler Brenner is hit by Linden Vey and loses puck.
17:37 of 2nd period - Penalty to Mark Alt is over, Mark Alt is back on ice.
18:01 of 2nd period - Snap shot by Reid McNeill.
18:01 of 2nd period - Stopped by Al Montoya with a rebound.
18:33 of 2nd period - Dmitry Sinitsyn is hit by Jake Dotchin and loses puck.
18:50 of 2nd period - Wrist shot by JT Compher.
18:50 of 2nd period - Stopped by Anton Forsberg without a rebound.
18:51 of 2nd period - Nick Shore wins face-off versus Tim Schaller in Phantoms zone.
18:51 of 2nd period - Nick Shore is hit by Neal Pionk.
19:16 of 2nd period - Dylan Olsen is hit by Christian Fischer.
Goals for this period are 3 for Influenza vs 2 for Phantoms.
Shots for this period are 10 for Influenza vs 13 for Phantoms.
3rd period
0:01 of 3rd period - Bo Horvat wins face-off versus Tyler Brenner in neutral zone.
0:13 of 3rd period - Minor Penalty to Tim Erixon for Hooking.
0:14 of 3rd period - Bo Horvat wins face-off versus Tyler Brenner in Influenza zone.
0:14 of 3rd period - Bo Horvat is hit by Tyler Randell.
0:20 of 3rd period - Snap shot by Tim Schaller.
0:20 of 3rd period - Stopped by Anton Forsberg with a rebound.
0:40 of 3rd period - Bo Horvat is hit by Brandon McMillan and loses puck.
2:13 of 3rd period - Penalty to Tim Erixon is over, Tim Erixon is back on ice.
2:57 of 3rd period - Minor Penalty to Blake Heinrich for Tripping.
2:58 of 3rd period - Bo Horvat wins face-off versus Michael Bournival in Phantoms zone.
3:03 of 3rd period - Slapshot by Linden Vey.
3:03 of 3rd period - Stopped by Anton Forsberg without a rebound.
3:04 of 3rd period - Bo Horvat wins face-off versus Tyler Randell in Phantoms zone.
3:15 of 3rd period - Snap shot by Linden Vey.
3:15 of 3rd period - Shot Misses the Net.
3:17 of 3rd period - Slapshot by Tim Erixon.
3:17 of 3rd period - Stopped by Anton Forsberg without a rebound.
3:18 of 3rd period - Bo Horvat wins face-off versus Tyler Randell in Phantoms zone.
3:50 of 3rd period - Snap shot by Colton Sissons.
3:50 of 3rd period - Shot Hit the Post.
3:52 of 3rd period - Slapshot by Neal Pionk.
3:52 of 3rd period - Shot Blocked by Tyler Brenner.
3:54 of 3rd period - Snap shot by Colton Sissons.
3:54 of 3rd period - Stopped by Anton Forsberg without a rebound.
3:55 of 3rd period - Tyler Randell wins face-off versus Bo Horvat in Phantoms zone.
4:01 of 3rd period - Icing by Bo Horvat.
4:02 of 3rd period - Tyler Randell wins face-off versus Linden Vey in Influenza zone.
4:32 of 3rd period - Snap shot by Colton Sissons.
4:32 of 3rd period - Stopped by Anton Forsberg without a rebound.
4:33 of 3rd period - Colton Sissons wins face-off versus Tyler Brenner in Phantoms zone.
4:38 of 3rd period - Slapshot by JT Compher.
4:38 of 3rd period - Stopped by Anton Forsberg without a rebound.
4:39 of 3rd period - Tyler Randell wins face-off versus Bo Horvat in Phantoms zone.
4:50 of 3rd period - Wrist shot by Tyler Randell.
4:50 of 3rd period - Shot Blocked by Neal Pionk.
4:57 of 3rd period - Penalty to Blake Heinrich is over, Blake Heinrich is back on ice.
5:32 of 3rd period - Backhand shot by Sven Andrighetto.
5:32 of 3rd period - Stopped by Al Montoya with a rebound.
5:34 of 3rd period - Slapshot by Dylan Olsen.
5:34 of 3rd period - Shot Misses the Net.
6:28 of 3rd period - Backhand shot by Calle Jarnkrok.
6:28 of 3rd period - Stopped by Al Montoya with a rebound.
7:32 of 3rd period - Backhand shot by Tim Schaller.
7:32 of 3rd period - Shot Misses the Net.
7:34 of 3rd period - Snap shot by Linden Vey.
7:34 of 3rd period - Shot Blocked by Travis Konecny.
7:51 of 3rd period - Snap shot by Haydn Fleury.
7:51 of 3rd period - Stopped by Anton Forsberg with a rebound.
7:53 of 3rd period - Wrist shot by Justin Bailey.
7:53 of 3rd period - Stopped by Anton Forsberg with a rebound.
7:55 of 3rd period - Snap shot by JT Compher.
7:55 of 3rd period - Stopped by Anton Forsberg with a rebound.
7:57 of 3rd period - Snap shot by JT Compher.
7:57 of 3rd period - Shot Misses the Net.
8:15 of 3rd period - Slapshot by Tomas Kubalik.
8:15 of 3rd period - Shot Misses the Net.
8:17 of 3rd period - Slapshot by Victor Bartley.
8:17 of 3rd period - Stopped by Al Montoya with a rebound.
9:07 of 3rd period - Sven Andrighetto is hit by Colton Sissons and loses puck.
9:39 of 3rd period - Slapshot by Nick Shore.
9:39 of 3rd period - Goal by Nick Shore - Influenza : 3 - Phantoms : 4.
9:40 of 3rd period - Bo Horvat wins face-off versus Michael Bournival in neutral zone.
9:43 of 3rd period - Slapshot by Neal Pionk.
9:43 of 3rd period - Shot Blocked by Tyler Randell.
10:10 of 3rd period - Minor Penalty to Morgan Klimchuk for High sticking.
10:11 of 3rd period - Tyler Randell wins face-off versus Colton Sissons in Phantoms zone.
11:13 of 3rd period - Tyler Brenner is hit by Shane Sims and loses puck.
12:10 of 3rd period - Penalty to Morgan Klimchuk is over, Morgan Klimchuk is back on ice.
12:15 of 3rd period - Lucas Lessio is hit by Travis Konecny and loses puck.
12:24 of 3rd period - Snap shot by Travis Konecny.
12:24 of 3rd period - Shot Blocked by Neal Pionk.
13:31 of 3rd period - Wrist shot by Cristoval Nieves.
13:31 of 3rd period - Shot Blocked by Dmitry Sinitsyn.
14:19 of 3rd period - Cristoval Nieves is hit by Tom Kuhnhackl and loses puck.
14:55 of 3rd period - Off-side.
14:56 of 3rd period - Bo Horvat wins face-off versus Tyler Brenner in neutral zone.
14:56 of 3rd period - Tim Schaller is hit by Michael Bournival and loses puck.
15:01 of 3rd period - Snap shot by Tyler Randell.
15:01 of 3rd period - Shot Hit the Post.
15:05 of 3rd period - Snap shot by Tyler Randell.
15:05 of 3rd period - Shot Blocked by Linden Vey.
15:07 of 3rd period - Wrist shot by Victor Bartley.
15:07 of 3rd period - Shot Blocked by Shane Sims.
15:09 of 3rd period - Wrist shot by Michael Bournival.
15:09 of 3rd period - Shot Misses the Net.
15:11 of 3rd period - Wrist shot by Tyler Randell.
15:11 of 3rd period - Stopped by Al Montoya with a rebound.
15:32 of 3rd period - Off-side.
15:33 of 3rd period - Colton Sissons wins face-off versus Tyler Randell in neutral zone.
15:46 of 3rd period - Wrist shot by Tom Kuhnhackl.
15:46 of 3rd period - Deflect By Tyler Randell.
15:46 of 3rd period - Stopped by Anton Forsberg without a rebound.
15:47 of 3rd period - Tyler Brenner wins face-off versus Colton Sissons in Phantoms zone.
15:52 of 3rd period - Ryan Dzingel is hit by Dylan Olsen and loses puck.
16:22 of 3rd period - Backhand shot by Neal Pionk.
16:22 of 3rd period - Shot Misses the Net.
16:32 of 3rd period - Slapshot by Reid McNeill.
16:32 of 3rd period - Stopped by Al Montoya with a rebound.
16:48 of 3rd period - Minor Penalty to Brandon McMillan for Hooking.
16:49 of 3rd period - Tyler Randell wins face-off versus Bo Horvat in Phantoms zone.
16:49 of 3rd period - Tyler Randell is hit by Linden Vey.
17:23 of 3rd period - Tyler Randell is hit by JT Compher and loses puck.
17:44 of 3rd period - Backhand shot by Tyler Brenner.
17:44 of 3rd period - Deflect By Bo Horvat.
17:44 of 3rd period - Shot Misses the Net.
17:44 of 3rd period - Puck is out of play.
17:45 of 3rd period - Bo Horvat wins face-off versus Tyler Brenner in Influenza zone.
18:06 of 3rd period - Tyler Randell is hit by Colton Sissons and loses puck.
18:48 of 3rd period - Penalty to Brandon McMillan is over, Brandon McMillan is back on ice.
19:17 of 3rd period - Snap shot by Tyler Brenner.
19:17 of 3rd period - Shot Blocked by Tom Kuhnhackl.
19:19 of 3rd period - Backhand shot by Victor Bartley.
19:19 of 3rd period - Deflect By Tyler Brenner.
19:19 of 3rd period - Shot Blocked by Ryan Dzingel.
19:19 of 3rd period - Puck is out of play.
19:20 of 3rd period - Larry Robinson call a timeout for Influenza.
19:20 of 3rd period - Tyler Brenner wins face-off versus Tom Kuhnhackl in Influenza zone.
19:21 of 3rd period - Wrist shot by Victor Bartley.
19:21 of 3rd period - Shot Blocked by Dmitry Sinitsyn.
19:23 of 3rd period - Snap shot by Victor Bartley.
19:23 of 3rd period - Goal by Victor Bartley - Influenza : 3 - Phantoms : 5.
19:24 of 3rd period - Erik Nystrom wins face-off versus Colton Sissons in neutral zone.
19:31 of 3rd period - Snap shot by Nick Shore.
19:31 of 3rd period - Shot Blocked by Neal Pionk.
19:54 of 3rd period - Snap shot by Tomas Kubalik.
19:54 of 3rd period - Deflect By Brandon McMillan.
19:54 of 3rd period - Shot Misses the Net.
19:54 of 3rd period - Puck is out of play.
19:55 of 3rd period - Calle Jarnkrok wins face-off versus Colton Sissons in Influenza zone.
19:56 of 3rd period - Slapshot by Brandon McMillan.
19:56 of 3rd period - Stopped by Al Montoya with a rebound.
19:58 of 3rd period - Wrist shot by Brandon McMillan.
19:58 of 3rd period - Stopped by Al Montoya with a rebound.
Goals for this period are 0 for Influenza vs 2 for Phantoms.
Shots for this period are 10 for Influenza vs 9 for Phantoms.